[ AOE2 MATCH · #467285547 ]
Team RMCelts vs Huns
[ REPLAY ANALYSIS · EXTRACTED FROM THE RECORDED GAME ]
Feudal
12:26
Castle
16:21
Imperial
30:53
| APM avg | 19.1 |
| APM peak | 36 |
| eAPM avg | 15.1 |
| Villagers / military | 137 / 132 |
Focus
⚔️ 16.2% · 🌾 83.8%
Spearman ×90 · Woad Raider ×30 · Battering Ram ×12
Feudal
9:20
Castle
22:29
Imperial
—
| APM avg | 36.6 |
| APM peak | 83 |
| eAPM avg | 19.2 |
| Villagers / military | 133 / 29 |
Focus
⚔️ 20.5% · 🌾 79.5%
Militia ×14 · Scout Cavalry ×9 · Cavalry Archer ×6
Feudal
—
Castle
—
Imperial
—
| APM avg | 15.3 |
| APM peak | 40 |
| eAPM avg | 10.7 |
| Villagers / military | 110 / 24 |
Focus
⚔️ 23.4% · 🌾 76.6%
Hussite Wagon ×22 · Mangonel ×2
Feudal
12:57
Castle
—
Imperial
—
| APM avg | 8.9 |
| APM peak | 49 |
| eAPM avg | 4.6 |
| Villagers / military | 30 / 4 |
Focus
⚔️ 9.3% · 🌾 90.7%
Serjeant ×4
Feudal
12:12
Castle
20:13
Imperial
34:05
| APM avg | 26.1 |
| APM peak | 60 |
| eAPM avg | 19.0 |
| Villagers / military | 164 / 82 |
Focus
⚔️ 22.0% · 🌾 78.0%
Knight ×52 · Tarkan ×17 · Monk ×13
Feudal
9:48
Castle
15:15
Imperial
30:12
| APM avg | 17.6 |
| APM peak | 68 |
| eAPM avg | 13.3 |
| Villagers / military | 152 / 108 |
Focus
⚔️ 19.8% · 🌾 80.2%
Tarkan ×93 · Cavalry Archer ×14 · Mangonel ×1
Feudal
8:56
Castle
25:03
Imperial
—
| APM avg | 26.0 |
| APM peak | 72 |
| eAPM avg | 14.1 |
| Villagers / military | 92 / 23 |
Focus
⚔️ 23.5% · 🌾 76.5%
Battering Ram ×14 · Cavalry Archer ×9
Feudal
9:31
Castle
15:33
Imperial
—
| APM avg | 13.6 |
| APM peak | 26 |
| eAPM avg | 10.5 |
| Villagers / military | 63 / 13 |
Focus
⚔️ 18.6% · 🌾 81.4%
Mangonel ×5 · Mangudai ×5 · Scorpion ×2 · Monk ×1
Match map
Initial resources + every placement click. Lines = walls · curves = elevation contours. ◆ gold · ⬟ stone · ● berries · ✦ relic · ◌ wall gap
Your base· ✓ Closed at 16:21 · 0t walls · 2 gate(s)
专业下包小能手's base· ✓ Closed at 22:29 · 0t walls · 2 gate(s)
DNANNA6781's base· ✓ Closed at 12:46 · 0t walls · 3 gate(s)
Tank's base· ✓ Closed at 12:00 · 0t walls · 2 gate(s)
MA's base· ✓ Closed at 20:13 · 0t walls · 3 gate(s)
baha's base· ✓ Closed at 15:15 · 0t walls · 2 gate(s)
alexpage23's base· ✓ Closed at 25:03 · 3t walls · 3 gate(s)
leonedu's base· ✓ Closed at 15:33 · 0t walls · 3 gate(s)
Smoothed initial terrain · ◌ = detected wall gap · hover for details
Inputs per minute
— INandOutBandit - - 专业下包小能手
Build order — INandOutBandit
First 150 of 292 actions detected
| 0:15 | Build | House |
| 0:21 | Build | House |
| 0:26 | Create | Villager (Male) |
| 0:26 | Create | Villager (Male) |
| 0:26 | Create | Villager (Male) |
| 0:26 | Create | Villager (Male) |
| 0:26 | Create | Villager (Male) |
| 2:17 | Create | Villager (Male) |
| 2:17 | Create | Villager (Male) |
| 2:18 | Create | Villager (Male) |
| 2:42 | Create | Villager (Male) |
| 2:53 | Create | Villager (Male) |
| 3:13 | Create | Villager (Male) |
| 3:50 | Create | Villager (Male) |
| 4:18 | Create | Villager (Male) |
| 4:18 | Create | Villager (Male) |
| 4:27 | Build | House |
| 4:28 | Build | House |
| 4:31 | Build | Mill |
| 4:53 | Create | Villager (Male) |
| 5:18 | Create | Villager (Male) |
| 5:18 | Create | Villager (Male) |
| 5:32 | Build | House |
| 5:45 | Build | Lumber Camp |
| 6:06 | Create | Villager (Male) |
| 6:06 | Create | Villager (Male) |
| 6:06 | Create | Villager (Male) |
| 6:59 | Create | Villager (Male) |
| 6:59 | Create | Villager (Male) |
| 6:59 | Create | Villager (Male) |
| 6:59 | Create | Villager (Male) |
| 7:30 | Create | Villager (Male) |
| 7:31 | Create | Villager (Male) |
| 7:31 | Create | Villager (Male) |
| 7:51 | Create | Villager (Male) |
| 8:36 | Build | Mining Camp |
| 10:16 | Research | Feudal Age |
| 10:24 | Build | Mill |
| 10:31 | Build | Farm |
| 10:33 | Build | Farm |
| 10:36 | Create | Villager (Male) |
| 10:36 | Create | Villager (Male) |
| 10:36 | Create | Villager (Male) |
| 12:26 | Age | Feudal Age |
| 12:29 | Build | Market |
| 12:33 | Build | Blacksmith |
| 13:30 | Research | Castle Age |
| 13:36 | Research | Horse Collar |
| 14:53 | Build | Farm |
| 14:54 | Build | Farm |
| 14:55 | Build | Farm |
| 14:56 | Build | Farm |
| 14:56 | Build | Farm |
| 14:59 | Build | Farm |
| 15:00 | Build | Farm |
| 15:01 | Build | Farm |
| 15:04 | Build | House |
| 15:05 | Build | House |
| 15:16 | Build | Farm |
| 15:18 | Research | Double-Bit Axe |
| 16:21 | Age | Castle Age |
| 16:23 | Build | Town Center |
| 16:24 | Create | Villager (Male) |
| 16:25 | Create | Villager (Male) |
| 16:25 | Create | Villager (Male) |
| 16:30 | Research | Bow Saw |
| 16:31 | Research | Heavy Plow |
| 17:26 | Build | Town Center |
| 17:29 | Create | Villager (Male) |
| 17:55 | Research | Stone Mining |
| 17:58 | Create | Villager (Male) |
| 17:58 | Create | Villager (Male) |
| 18:00 | Create | Villager (Male) |
| 18:00 | Create | Villager (Male) |
| 18:38 | Create | Villager (Male) |
| 18:38 | Create | Villager (Male) |
| 18:42 | Build | Farm |
| 18:44 | Build | Farm |
| 18:45 | Build | Farm |
| 18:46 | Build | Farm |
| 18:50 | Create | Villager (Male) |
| 18:51 | Create | Villager (Male) |
| 18:57 | Build | Farm |
| 18:58 | Build | Farm |
| 19:01 | Build | Farm |
| 19:02 | Build | Farm |
| 19:03 | Build | Farm |
| 19:06 | Build | Farm |
| 19:13 | Create | Villager (Male) |
| 19:13 | Create | Villager (Male) |
| 19:36 | Create | Villager (Male) |
| 19:36 | Create | Villager (Male) |
| 19:45 | Build | Farm |
| 19:53 | Build | Farm |
| 19:59 | Build | Farm |
| 20:01 | Create | Villager (Male) |
| 20:01 | Create | Villager (Male) |
| 20:02 | Create | Villager (Male) |
| 20:04 | Create | Villager (Male) |
| 20:04 | Create | Villager (Male) |
| 20:25 | Create | Villager (Male) |
| 20:25 | Create | Villager (Male) |
| 20:25 | Create | Villager (Male) |
| 20:30 | Build | Farm |
| 20:32 | Build | Farm |
| 20:37 | Build | Farm |
| 20:42 | Build | Farm |
| 20:43 | Build | Farm |
| 20:44 | Build | Farm |
| 20:50 | Research | Wheelbarrow |
| 20:51 | Create | Villager (Male) |
| 20:51 | Create | Villager (Male) |
| 21:01 | Build | Town Center |
| 21:09 | Create | Villager (Male) |
| 21:09 | Create | Villager (Male) |
| 21:09 | Create | Villager (Male) |
| 21:10 | Create | Villager (Male) |
| 21:14 | Build | House |
| 21:20 | Build | House |
| 21:34 | Build | Farm |
| 21:46 | Create | Villager (Male) |
| 21:58 | Create | Villager (Male) |
| 22:00 | Create | Villager (Male) |
| 22:01 | Create | Villager (Male) |
| 22:01 | Create | Villager (Male) |
| 22:05 | Research | Stone Shaft Mining |
| 22:17 | Build | Farm |
| 22:19 | Build | Farm |
| 22:21 | Build | Farm |
| 22:32 | Build | Farm |
| 22:34 | Build | Farm |
| 22:36 | Build | Farm |
| 22:40 | Create | Villager (Male) |
| 22:41 | Create | Villager (Male) |
| 22:42 | Create | Villager (Male) |
| 22:42 | Create | Villager (Male) |
| 22:52 | Build | Farm |
| 22:53 | Build | Farm |
| 22:55 | Build | Farm |
| 22:56 | Build | Farm |
| 22:57 | Build | Farm |
| 23:03 | Research | Hand Cart |
| 23:04 | Create | Villager (Male) |
| 23:04 | Create | Villager (Male) |
| 23:04 | Create | Villager (Male) |
| 23:05 | Create | Villager (Male) |
| 23:07 | Create | Villager (Male) |
| 23:12 | Build | House |
| 23:18 | Build | House |
| 23:19 | Build | House |
Build order — 专业下包小能手
First 150 of 265 actions detected
| 0:01 | Create | Villager (Male) ×4 |
| 0:03 | Build | House |
| 0:04 | Build | House |
| 1:33 | Create | Villager (Male) |
| 1:33 | Create | Villager (Male) |
| 1:48 | Build | Lumber Camp |
| 1:56 | Create | Villager (Male) |
| 1:56 | Create | Villager (Male) |
| 2:25 | Create | Villager (Male) |
| 2:25 | Create | Villager (Male) |
| 2:53 | Create | Villager (Male) |
| 2:53 | Create | Villager (Male) |
| 3:05 | Create | Villager (Male) |
| 3:05 | Create | Villager (Male) |
| 3:29 | Build | House |
| 3:39 | Create | Villager (Male) |
| 3:40 | Create | Villager (Male) |
| 4:28 | Create | Villager (Male) |
| 4:29 | Create | Villager (Male) |
| 4:31 | Create | Villager (Male) |
| 4:31 | Create | Villager (Male) |
| 4:33 | Create | Villager (Male) |
| 4:33 | Create | Villager (Male) |
| 4:58 | Build | Mill |
| 5:29 | Create | Villager (Male) |
| 5:30 | Create | Villager (Male) |
| 5:42 | Create | Villager (Male) |
| 5:43 | Create | Villager (Male) |
| 7:04 | Build | Barracks |
| 7:09 | Research | Feudal Age |
| 7:19 | Build | House |
| 7:20 | Build | House |
| 7:21 | Build | House |
| 8:03 | Create | Villager (Male) |
| 8:06 | Research | Loom |
| 8:07 | Create | Villager (Male) |
| 8:07 | Create | Villager (Male) |
| 8:30 | Build | Mining Camp |
| 8:39 | Build | House |
| 8:40 | Build | House |
| 9:01 | Build | House |
| 9:20 | Age | Feudal Age |
| 9:27 | Create | Militia |
| 9:28 | Create | Militia |
| 9:37 | Research | Man-at-Arms (upgrade) |
| 9:53 | Research | Double-Bit Axe |
| 10:06 | Build | Outpost |
| 10:12 | Create | Villager (Male) |
| 10:12 | Create | Villager (Male) |
| 10:22 | Build | House |
| 10:24 | Build | House |
| 10:28 | Create | Militia |
| 10:29 | Create | Militia |
| 10:52 | Create | Villager (Male) |
| 11:22 | Create | Militia |
| 11:23 | Create | Militia |
| 11:27 | Create | Villager (Male) |
| 11:31 | Build | Farm |
| 11:31 | Build | Farm |
| 11:31 | Build | Farm |
| 11:32 | Build | Farm |
| 11:32 | Build | Farm |
| 11:32 | Build | Farm |
| 11:32 | Build | Farm |
| 11:33 | Build | Farm |
| 11:34 | Build | Farm |
| 12:28 | Build | Farm |
| 12:52 | Create | Militia |
| 12:53 | Create | Militia |
| 13:00 | Create | Villager (Male) |
| 13:00 | Create | Villager (Male) |
| 13:03 | Build | Farm |
| 13:03 | Build | Farm |
| 13:03 | Build | Farm |
| 13:07 | Build | Farm |
| 13:07 | Build | Farm |
| 13:07 | Build | Farm |
| 13:18 | Build | Mill |
| 13:56 | Create | Villager (Male) |
| 13:56 | Create | Villager (Male) |
| 13:56 | Create | Villager (Male) |
| 14:33 | Create | Villager (Male) ×2 |
| 14:33 | Create | Villager (Male) ×2 |
| 14:50 | Create | Villager (Male) |
| 15:02 | Build | Mill |
| 15:04 | Create | Villager (Male) |
| 15:04 | Create | Villager (Male) |
| 15:17 | Create | Militia |
| 15:17 | Create | Militia |
| 15:26 | Build | Blacksmith |
| 15:29 | Build | Market |
| 15:37 | Create | Villager (Male) |
| 15:37 | Create | Villager (Male) |
| 15:44 | Create | Militia |
| 15:44 | Create | Militia |
| 15:55 | Create | Militia |
| 15:55 | Create | Militia |
| 16:32 | Create | Villager (Male) |
| 16:32 | Create | Villager (Male) |
| 16:42 | Build | Farm |
| 16:43 | Build | Farm |
| 16:43 | Build | Farm |
| 16:43 | Build | Farm |
| 16:43 | Build | Farm |
| 17:12 | Build | House |
| 17:20 | Create | Villager (Male) |
| 17:21 | Create | Villager (Male) |
| 17:22 | Create | Villager (Male) |
| 17:55 | Research | Horse Collar |
| 17:55 | Research | Horse Collar |
| 17:57 | Create | Villager (Male) |
| 17:57 | Create | Villager (Male) |
| 18:49 | Build | Farm |
| 18:49 | Build | Farm |
| 18:49 | Build | Farm |
| 18:50 | Build | Farm |
| 18:50 | Build | Farm |
| 18:50 | Build | Farm |
| 19:49 | Research | Castle Age |
| 19:49 | Research | Castle Age |
| 20:01 | Research | Arson |
| 20:01 | Research | Arson |
| 20:36 | Build | Mining Camp |
| 20:48 | Build | Lumber Camp |
| 20:55 | Build | Mining Camp |
| 21:42 | Research | Scale Barding Armor |
| 21:43 | Research | Forging |
| 22:10 | Build | Stable |
| 22:29 | Age | Castle Age |
| 22:36 | Create | Villager (Male) |
| 22:37 | Create | Villager (Male) |
| 23:16 | Create | Villager (Male) |
| 23:16 | Create | Villager (Male) |
| 23:16 | Create | Villager (Male) |
| 23:18 | Create | Villager (Male) |
| 23:28 | Build | Town Center |
| 23:35 | Create | Villager (Male) |
| 23:35 | Create | Villager (Male) |
| 23:35 | Create | Villager (Male) |
| 23:36 | Create | Villager (Male) |
| 23:46 | Research | Husbandry |
| 23:47 | Research | Bloodlines |
| 23:49 | Research | Light Cavalry (upgrade) |
| 24:29 | Create | Scout Cavalry |
| 24:29 | Create | Scout Cavalry |
| 24:30 | Create | Scout Cavalry |
| 24:30 | Create | Scout Cavalry |
| 24:30 | Create | Scout Cavalry |
| 24:31 | Create | Scout Cavalry |
| 24:31 | Create | Scout Cavalry |
Build order — DNANNA6781
First 150 of 243 actions detected
| 0:01 | Create | Villager (Male) |
| 0:01 | Create | Villager (Male) |
| 0:03 | Build | House |
| 0:04 | Build | House |
| 0:32 | Create | Villager (Male) |
| 0:32 | Create | Villager (Male) |
| 0:55 | Build | Lumber Camp |
| 1:47 | Create | Villager (Male) |
| 2:08 | Create | Villager (Male) |
| 2:13 | Build | House |
| 2:32 | Create | Villager (Male) |
| 2:32 | Create | Villager (Male) |
| 2:58 | Create | Villager (Male) |
| 3:32 | Create | Villager (Male) |
| 3:55 | Create | Villager (Male) |
| 4:06 | Build | Mill |
| 4:19 | Create | Villager (Male) |
| 4:45 | Create | Villager (Male) |
| 4:45 | Create | Villager (Male) |
| 4:59 | Create | Villager (Male) |
| 5:31 | Create | Villager (Male) |
| 5:32 | Create | Villager (Male) |
| 5:32 | Create | Villager (Male) |
| 6:23 | Build | House |
| 6:24 | Build | House |
| 6:42 | Create | Villager (Male) |
| 6:42 | Create | Villager (Male) |
| 6:42 | Create | Villager (Male) |
| 6:43 | Create | Villager (Male) |
| 7:13 | Build | Mill |
| 7:26 | Create | Villager (Male) |
| 7:26 | Create | Villager (Male) |
| 7:40 | Create | Villager (Male) |
| 8:21 | Build | Mining Camp |
| 8:54 | Research | Feudal Age |
| 10:00 | Create | Villager (Male) |
| 10:00 | Create | Villager (Male) |
| 10:01 | Create | Villager (Male) |
| 11:21 | Build | Market |
| 11:24 | Build | Blacksmith |
| 12:02 | Create | Villager (Male) |
| 12:18 | Build | House |
| 12:20 | Build | House |
| 12:34 | Build | Mining Camp |
| 12:46 | Research | Castle Age |
| 13:13 | Create | Villager (Male) |
| 13:13 | Create | Villager (Male) |
| 13:14 | Create | Villager (Male) |
| 13:39 | Build | Farm |
| 13:39 | Build | Farm |
| 13:39 | Build | Farm |
| 13:39 | Build | Farm |
| 13:39 | Build | Farm |
| 13:40 | Build | Farm |
| 13:40 | Build | Farm |
| 14:23 | Build | Farm |
| 15:22 | Build | House |
| 15:24 | Build | House |
| 16:10 | Create | Villager (Male) |
| 16:10 | Create | Villager (Male) |
| 16:32 | Build | Castle |
| 17:30 | Create | Villager (Male) |
| 17:30 | Create | Villager (Male) |
| 18:03 | Build | Town Center |
| 18:23 | Create | Villager (Male) |
| 18:23 | Create | Villager (Male) |
| 18:23 | Create | Villager (Male) |
| 18:26 | Research | Loom |
| 18:30 | Create | Hussite Wagon |
| 18:30 | Create | Hussite Wagon |
| 18:30 | Create | Hussite Wagon |
| 18:31 | Create | Hussite Wagon |
| 19:14 | Create | Hussite Wagon |
| 19:16 | Create | Villager (Male) |
| 19:16 | Create | Villager (Male) |
| 19:19 | Create | Villager (Male) |
| 19:19 | Create | Villager (Male) |
| 19:19 | Create | Villager (Male) |
| 20:21 | Create | Hussite Wagon |
| 20:37 | Create | Villager (Male) |
| 20:37 | Create | Villager (Male) |
| 20:37 | Create | Villager (Male) |
| 20:45 | Build | Monastery |
| 20:49 | Create | Villager (Male) |
| 20:50 | Create | Villager (Male) |
| 20:52 | Research | Double-Bit Axe |
| 20:54 | Research | Horse Collar |
| 21:13 | Create | Hussite Wagon |
| 21:20 | Research | Bow Saw |
| 21:28 | Build | Farm |
| 21:29 | Build | Farm |
| 21:29 | Build | Farm |
| 21:29 | Build | Farm |
| 21:29 | Build | Farm |
| 21:31 | Build | Farm |
| 21:31 | Build | Farm |
| 21:32 | Build | Farm |
| 21:32 | Build | Farm |
| 21:32 | Build | Farm |
| 21:35 | Build | Farm |
| 21:35 | Build | Farm |
| 21:35 | Build | Farm |
| 21:40 | Build | Farm |
| 21:41 | Build | Farm |
| 21:41 | Build | Farm |
| 21:42 | Build | Farm |
| 21:53 | Build | Farm |
| 21:55 | Create | Villager (Male) |
| 21:55 | Create | Villager (Male) |
| 22:49 | Create | Hussite Wagon |
| 22:50 | Create | Hussite Wagon |
| 22:53 | Create | Villager (Male) |
| 22:53 | Create | Villager (Male) |
| 22:57 | Build | Farm |
| 22:57 | Build | Farm |
| 22:57 | Build | Farm |
| 23:20 | Create | Hussite Wagon |
| 23:21 | Create | Hussite Wagon |
| 23:28 | Create | Villager (Male) |
| 23:29 | Create | Villager (Male) |
| 23:29 | Create | Villager (Male) |
| 23:29 | Create | Villager (Male) |
| 23:34 | Build | Farm |
| 23:43 | Build | Castle |
| 23:55 | Build | Farm |
| 23:56 | Build | Farm |
| 23:58 | Create | Villager (Male) |
| 23:59 | Create | Villager (Male) |
| 24:03 | Build | Farm |
| 24:10 | Build | Farm |
| 24:46 | Create | Villager (Male) |
| 24:46 | Create | Villager (Male) |
| 24:47 | Create | Villager (Male) |
| 24:57 | Build | Town Center |
| 24:59 | Create | Villager (Male) |
| 24:59 | Create | Villager (Male) |
| 25:15 | Build | Lumber Camp |
| 25:42 | Create | Villager (Male) |
| 25:43 | Create | Villager (Male) |
| 25:43 | Create | Villager (Male) |
| 25:43 | Create | Villager (Male) |
| 26:05 | Build | Town Center |
| 26:47 | Research | Wheelbarrow |
| 26:56 | Research | Fervor |
| 27:00 | Create | Villager (Male) |
| 27:00 | Create | Villager (Male) |
| 27:01 | Create | Villager (Male) |
| 27:01 | Create | Villager (Male) |
| 27:01 | Create | Villager (Male) |
| 27:09 | Build | Farm |
Build order — Tank
49 actions detected in the replay
| 0:01 | Research | Loom |
| 0:02 | Create | Villager (Male) |
| 0:04 | Build | House |
| 0:06 | Build | House |
| 0:07 | Create | Villager (Male) |
| 0:07 | Create | Villager (Male) |
| 0:07 | Create | Villager (Male) |
| 1:41 | Create | Villager (Male) |
| 2:11 | Build | Lumber Camp |
| 2:25 | Create | Villager (Male) |
| 2:50 | Create | Villager (Male) |
| 2:50 | Create | Villager (Male) |
| 3:13 | Create | Villager (Male) |
| 3:13 | Create | Villager (Male) |
| 3:27 | Build | House |
| 4:06 | Create | Villager (Male) |
| 4:07 | Create | Villager (Male) |
| 4:36 | Create | Villager (Male) |
| 5:05 | Build | Mill |
| 5:12 | Create | Villager (Male) |
| 5:13 | Create | Villager (Male) |
| 5:13 | Create | Villager (Male) |
| 6:11 | Create | Villager (Male) |
| 6:12 | Create | Villager (Male) |
| 6:24 | Build | House |
| 6:33 | Create | Villager (Male) |
| 6:33 | Create | Villager (Male) |
| 6:34 | Create | Villager (Male) |
| 6:35 | Create | Villager (Male) |
| 8:11 | Build | Mill |
| 8:28 | Create | Villager (Male) |
| 8:29 | Create | Villager (Male) |
| 8:32 | Create | Villager (Male) |
| 8:33 | Create | Villager (Male) |
| 8:33 | Create | Villager (Male) |
| 8:40 | Build | House |
| 9:42 | Research | Feudal Age |
| 9:59 | Build | Mining Camp |
| 12:18 | Create | Villager (Male) |
| 12:18 | Create | Villager (Male) |
| 12:18 | Create | Villager (Male) |
| 12:26 | Build | Donjon |
| 12:57 | Age | Feudal Age |
| 13:01 | Create | Serjeant |
| 13:01 | Create | Serjeant |
| 13:02 | Create | Serjeant |
| 13:02 | Create | Serjeant |
| 13:24 | Build | House |
| 13:26 | Build | House |
Build order — MA
First 150 of 356 actions detected
| 0:02 | Create | Villager (Male) |
| 0:02 | Create | Villager (Male) |
| 0:03 | Create | Villager (Male) |
| 0:03 | Create | Villager (Male) |
| 0:48 | Research | Loom |
| 1:22 | Create | Villager (Male) |
| 1:59 | Create | Villager (Male) |
| 1:59 | Create | Villager (Male) |
| 2:03 | Create | Villager (Male) |
| 2:03 | Create | Villager (Male) |
| 2:58 | Create | Villager (Male) |
| 3:00 | Create | Villager (Male) |
| 3:00 | Create | Villager (Male) |
| 3:11 | Create | Villager (Male) |
| 3:34 | Create | Villager (Male) |
| 3:52 | Create | Villager (Male) |
| 3:53 | Create | Villager (Male) |
| 4:22 | Build | Mill |
| 4:31 | Create | Villager (Male) |
| 4:31 | Create | Villager (Male) |
| 4:48 | Create | Villager (Male) |
| 5:10 | Create | Villager (Male) |
| 5:10 | Create | Villager (Male) |
| 5:28 | Create | Villager (Male) |
| 5:28 | Create | Villager (Male) |
| 5:59 | Create | Villager (Male) |
| 7:28 | Create | Villager (Male) |
| 7:28 | Create | Villager (Male) |
| 7:28 | Create | Villager (Male) |
| 7:29 | Create | Villager (Male) |
| 7:30 | Create | Villager (Male) |
| 7:30 | Create | Villager (Male) |
| 7:44 | Create | Villager (Male) |
| 7:49 | Create | Villager (Male) |
| 7:49 | Create | Villager (Male) |
| 8:00 | Build | Lumber Camp |
| 8:42 | Research | Feudal Age |
| 8:59 | Build | Farm |
| 9:02 | Build | Farm |
| 9:08 | Build | Farm |
| 9:16 | Build | Farm |
| 9:46 | Build | Farm |
| 9:52 | Build | Farm |
| 10:09 | Build | Farm |
| 10:37 | Build | Mining Camp |
| 11:22 | Build | Farm |
| 11:29 | Build | Farm |
| 11:42 | Build | Farm |
| 11:47 | Build | Farm |
| 11:49 | Build | Farm |
| 12:12 | Age | Feudal Age |
| 12:17 | Create | Villager (Male) |
| 12:18 | Create | Villager (Male) |
| 12:18 | Create | Villager (Male) |
| 12:18 | Create | Villager (Male) |
| 12:19 | Create | Villager (Male) |
| 12:19 | Create | Villager (Male) |
| 12:19 | Create | Villager (Male) |
| 12:19 | Create | Villager (Male) |
| 12:26 | Research | Double-Bit Axe |
| 12:29 | Research | Horse Collar |
| 12:50 | Build | Farm |
| 13:01 | Create | Villager (Male) |
| 13:02 | Create | Villager (Male) |
| 13:02 | Create | Villager (Male) |
| 13:02 | Create | Villager (Male) |
| 14:42 | Build | Farm |
| 14:44 | Build | Farm |
| 14:59 | Build | Market |
| 15:09 | Build | Blacksmith |
| 15:57 | Build | Barracks |
| 17:33 | Research | Castle Age |
| 19:50 | Create | Villager (Male) |
| 19:50 | Create | Villager (Male) |
| 19:51 | Create | Villager (Male) |
| 19:51 | Create | Villager (Male) |
| 19:51 | Create | Villager (Male) |
| 20:13 | Age | Castle Age |
| 20:16 | Build | Town Center |
| 20:20 | Build | Town Center |
| 20:23 | Build | Town Center |
| 20:26 | Research | Heavy Plow |
| 20:28 | Research | Bow Saw |
| 20:42 | Build | Town Center |
| 20:47 | Create | Villager (Male) |
| 20:47 | Create | Villager (Male) |
| 20:47 | Create | Villager (Male) |
| 20:47 | Create | Villager (Male) |
| 20:47 | Create | Villager (Male) |
| 20:48 | Create | Villager (Male) |
| 20:48 | Create | Villager (Male) |
| 21:04 | Create | Villager (Male) |
| 21:04 | Create | Villager (Male) |
| 21:05 | Create | Villager (Male) |
| 21:05 | Create | Villager (Male) |
| 21:05 | Create | Villager (Male) |
| 21:21 | Create | Villager (Male) |
| 21:21 | Create | Villager (Male) |
| 21:22 | Create | Villager (Male) |
| 21:22 | Create | Villager (Male) |
| 21:35 | Create | Villager (Male) |
| 21:35 | Create | Villager (Male) |
| 21:36 | Create | Villager (Male) |
| 21:42 | Create | Villager (Male) |
| 21:42 | Create | Villager (Male) |
| 21:42 | Create | Villager (Male) |
| 21:42 | Create | Villager (Male) |
| 21:43 | Create | Villager (Male) |
| 21:44 | Create | Villager (Male) |
| 21:53 | Build | Monastery |
| 22:01 | Build | Farm |
| 22:12 | Create | Villager (Male) |
| 22:12 | Create | Villager (Male) |
| 22:12 | Create | Villager (Male) |
| 22:12 | Create | Villager (Male) |
| 22:12 | Create | Villager (Male) |
| 22:20 | Build | Farm |
| 22:21 | Create | Monk |
| 22:21 | Create | Monk |
| 22:22 | Create | Monk |
| 22:22 | Create | Monk |
| 22:39 | Create | Villager (Male) |
| 22:39 | Create | Villager (Male) |
| 22:39 | Create | Villager (Male) |
| 22:39 | Create | Villager (Male) |
| 22:43 | Build | Farm |
| 22:44 | Build | Farm |
| 22:50 | Create | Villager (Male) |
| 22:50 | Create | Villager (Male) |
| 22:53 | Create | Monk |
| 22:54 | Create | Monk |
| 23:03 | Create | Villager (Male) |
| 23:11 | Build | Barracks |
| 23:15 | Create | Villager (Male) |
| 23:15 | Create | Villager (Male) |
| 23:34 | Create | Villager (Male) |
| 23:34 | Create | Villager (Male) |
| 23:39 | Build | Farm |
| 23:39 | Build | Farm |
| 23:39 | Build | Farm |
| 23:40 | Build | Farm |
| 23:44 | Build | Farm |
| 23:48 | Build | Farm |
| 23:48 | Build | Farm |
| 23:48 | Build | Farm |
| 23:52 | Create | Villager (Male) |
| 23:52 | Create | Villager (Male) |
| 23:52 | Create | Villager (Male) |
| 23:53 | Create | Villager (Male) |
| 24:06 | Create | Monk |
Build order — baha
First 150 of 336 actions detected
| 0:03 | Create | Villager (Male) |
| 0:04 | Create | Villager (Male) |
| 0:04 | Create | Villager (Male) |
| 0:04 | Create | Villager (Male) |
| 0:04 | Create | Villager (Male) |
| 1:23 | Create | Villager (Male) |
| 1:23 | Create | Villager (Male) |
| 1:46 | Create | Villager (Male) |
| 1:46 | Create | Villager (Male) |
| 2:17 | Create | Villager (Male) |
| 2:53 | Create | Villager (Male) |
| 2:53 | Create | Villager (Male) |
| 3:32 | Create | Villager (Male) |
| 3:32 | Create | Villager (Male) |
| 3:58 | Create | Villager (Male) |
| 3:58 | Create | Villager (Male) |
| 4:41 | Create | Villager (Male) |
| 4:41 | Create | Villager (Male) |
| 4:41 | Create | Villager (Male) |
| 4:42 | Create | Villager (Male) |
| 4:49 | Build | Mill |
| 5:50 | Build | Lumber Camp |
| 6:02 | Create | Villager (Male) |
| 6:02 | Create | Villager (Male) |
| 6:02 | Create | Villager (Male) |
| 6:53 | Build | Mining Camp |
| 7:38 | Research | Feudal Age |
| 8:55 | Create | Villager (Male) |
| 8:55 | Create | Villager (Male) |
| 9:48 | Age | Feudal Age |
| 9:54 | Build | Market |
| 10:01 | Build | Blacksmith |
| 10:32 | Build | Farm |
| 10:33 | Build | Farm |
| 10:37 | Create | Villager (Male) |
| 11:04 | Create | Villager (Male) |
| 11:14 | Build | Farm |
| 11:32 | Create | Villager (Male) |
| 11:46 | Build | Farm |
| 12:00 | Create | Villager (Male) |
| 12:10 | Build | Farm |
| 12:10 | Build | Farm |
| 12:15 | Build | Farm |
| 12:15 | Build | Farm |
| 12:16 | Build | Farm |
| 12:19 | Build | Farm |
| 12:19 | Build | Farm |
| 12:19 | Build | Farm |
| 12:19 | Build | Farm |
| 12:20 | Build | Farm |
| 12:31 | Build | Farm |
| 12:32 | Build | Farm |
| 12:35 | Research | Castle Age |
| 12:58 | Build | Farm |
| 12:59 | Build | Farm |
| 12:59 | Build | Farm |
| 12:59 | Build | Farm |
| 13:28 | Build | Farm |
| 13:51 | Research | Double-Bit Axe |
| 14:16 | Research | Horse Collar |
| 14:44 | Create | Villager (Male) |
| 14:44 | Create | Villager (Male) |
| 15:15 | Age | Castle Age |
| 15:17 | Build | Town Center |
| 15:46 | Build | Town Center |
| 16:10 | Create | Villager (Male) |
| 16:10 | Create | Villager (Male) |
| 16:10 | Create | Villager (Male) |
| 16:11 | Create | Villager (Male) |
| 16:11 | Create | Villager (Male) |
| 16:41 | Build | Farm |
| 16:41 | Build | Farm |
| 16:41 | Build | Farm |
| 16:42 | Build | Farm |
| 16:51 | Create | Villager (Male) |
| 16:52 | Create | Villager (Male) |
| 16:52 | Create | Villager (Male) |
| 16:58 | Create | Villager (Male) |
| 16:59 | Create | Villager (Male) |
| 16:59 | Create | Villager (Male) |
| 16:59 | Create | Villager (Male) |
| 16:59 | Create | Villager (Male) |
| 17:39 | Build | Lumber Camp |
| 18:10 | Build | Town Center |
| 18:17 | Create | Villager (Male) |
| 18:17 | Create | Villager (Male) |
| 18:17 | Create | Villager (Male) |
| 18:17 | Create | Villager (Male) |
| 18:24 | Build | Farm |
| 18:24 | Build | Farm |
| 18:25 | Build | Farm |
| 18:25 | Build | Farm |
| 18:25 | Build | Farm |
| 18:47 | Build | Farm |
| 18:47 | Build | Farm |
| 18:47 | Build | Farm |
| 18:47 | Build | Farm |
| 18:48 | Build | Farm |
| 18:51 | Create | Villager (Male) |
| 18:51 | Create | Villager (Male) |
| 18:51 | Create | Villager (Male) |
| 18:52 | Create | Villager (Male) |
| 19:05 | Build | Farm |
| 19:05 | Build | Farm |
| 19:06 | Build | Farm |
| 19:06 | Build | Farm |
| 19:20 | Create | Villager (Male) |
| 19:21 | Create | Villager (Male) |
| 19:21 | Create | Villager (Male) |
| 19:38 | Create | Villager (Male) |
| 19:39 | Create | Villager (Male) |
| 19:39 | Create | Villager (Male) |
| 19:39 | Create | Villager (Male) |
| 19:39 | Create | Villager (Male) |
| 19:55 | Build | Farm |
| 19:55 | Build | Farm |
| 19:56 | Build | Farm |
| 19:57 | Build | Farm |
| 19:57 | Build | Farm |
| 20:14 | Create | Villager (Male) |
| 20:14 | Create | Villager (Male) |
| 20:14 | Create | Villager (Male) |
| 20:15 | Create | Villager (Male) |
| 20:31 | Build | Barracks |
| 20:37 | Create | Villager (Male) |
| 20:37 | Create | Villager (Male) |
| 20:39 | Create | Villager (Male) |
| 20:39 | Create | Villager (Male) |
| 20:49 | Create | Villager (Male) |
| 20:49 | Create | Villager (Male) |
| 20:55 | Build | Farm |
| 20:55 | Build | Farm |
| 20:55 | Build | Farm |
| 20:55 | Build | Farm |
| 20:56 | Build | Farm |
| 20:57 | Build | Farm |
| 20:57 | Build | Farm |
| 20:57 | Build | Farm |
| 20:57 | Build | Farm |
| 20:57 | Build | Farm |
| 20:59 | Create | Villager (Male) |
| 20:59 | Create | Villager (Male) |
| 21:15 | Create | Villager (Male) |
| 21:15 | Create | Villager (Male) |
| 21:15 | Create | Villager (Male) |
| 21:29 | Create | Villager (Male) |
| 21:29 | Create | Villager (Male) |
| 21:29 | Create | Villager (Male) |
| 21:35 | Build | Archery Range |
| 21:37 | Build | Archery Range |
Build order — alexpage23
First 150 of 204 actions detected
| 0:00 | Create | Villager (Male) ×4 |
| 0:02 | Build | House |
| 0:03 | Build | House |
| 1:27 | Create | Villager (Male) |
| 2:00 | Create | Villager (Male) |
| 2:13 | Build | Lumber Camp |
| 2:22 | Create | Villager (Male) |
| 2:52 | Create | Villager (Male) |
| 3:17 | Create | Villager (Male) |
| 3:32 | Create | Villager (Male) |
| 3:40 | Build | House |
| 3:41 | Build | House |
| 4:13 | Create | Villager (Male) ×3 |
| 4:38 | Create | Villager (Male) |
| 4:55 | Create | Villager (Male) |
| 5:30 | Create | Villager (Male) |
| 5:33 | Build | Mill |
| 6:46 | Research | Feudal Age |
| 6:57 | Build | Mining Camp |
| 7:36 | Create | Villager (Male) |
| 8:04 | Build | House |
| 8:14 | Create | Villager (Male) |
| 8:34 | Create | Villager (Male) |
| 8:34 | Create | Villager (Male) |
| 8:39 | Build | House |
| 8:56 | Age | Feudal Age |
| 8:59 | Build | Blacksmith |
| 9:05 | Build | Palisade Wall |
| 9:07 | Build | Palisade Wall |
| 9:11 | Build | Palisade Wall |
| 9:20 | Create | Villager (Male) |
| 9:41 | Build | Siege Workshop |
| 9:54 | Create | Villager (Male) |
| 10:17 | Create | Battering Ram |
| 10:23 | Build | House |
| 10:50 | Create | Battering Ram |
| 11:03 | Build | House |
| 11:11 | Create | Villager (Male) |
| 11:23 | Create | Battering Ram |
| 11:35 | Build | House |
| 11:38 | Create | Villager (Male) |
| 12:07 | Create | Battering Ram |
| 12:14 | Build | House |
| 12:40 | Build | Outpost |
| 12:48 | Create | Villager (Male) |
| 13:21 | Build | Farm |
| 13:21 | Build | Farm |
| 13:21 | Build | Farm |
| 13:22 | Build | Farm |
| 13:22 | Build | Farm |
| 13:28 | Create | Battering Ram |
| 13:36 | Build | Outpost |
| 14:13 | Create | Battering Ram |
| 14:21 | Build | House |
| 14:26 | Build | Outpost |
| 14:58 | Create | Villager (Male) ×2 |
| 15:00 | Create | Battering Ram |
| 15:33 | Create | Villager (Male) |
| 15:35 | Create | Battering Ram |
| 15:59 | Build | Farm |
| 16:39 | Create | Battering Ram |
| 16:40 | Create | Villager (Male) |
| 17:23 | Create | Villager (Male) ×2 |
| 17:26 | Build | Farm |
| 17:30 | Build | Mill |
| 17:31 | Build | Farm |
| 17:31 | Build | Farm |
| 17:31 | Build | Farm |
| 17:31 | Build | Farm |
| 17:32 | Build | Farm |
| 17:32 | Build | Farm |
| 19:07 | Build | Palisade Gate |
| 19:15 | Create | Villager (Male) ×5 |
| 19:30 | Build | Siege Workshop |
| 20:16 | Create | Battering Ram |
| 20:16 | Create | Battering Ram |
| 20:35 | Build | Watch Tower |
| 20:51 | Build | Farm |
| 20:51 | Build | Farm |
| 20:51 | Build | Farm |
| 21:29 | Create | Villager (Male) |
| 21:34 | Build | Lumber Camp |
| 22:21 | Create | Villager (Male) |
| 22:23 | Research | Castle Age |
| 22:35 | Create | Battering Ram |
| 23:14 | Create | Villager (Male) |
| 23:20 | Build | Lumber Camp |
| 23:55 | Research | Fletching |
| 23:59 | Build | House |
| 24:18 | Research | Loom |
| 24:22 | Research | Double-Bit Axe |
| 24:26 | Research | Horse Collar |
| 24:28 | Research | Gold Mining |
| 24:31 | Build | House |
| 24:32 | Build | House |
| 25:03 | Age | Castle Age |
| 25:11 | Build | Market |
| 25:29 | Research | Capped Ram (upgrade) |
| 25:35 | Create | Villager (Male) ×5 |
| 25:39 | Build | House |
| 26:16 | Build | Town Center |
| 26:28 | Create | Battering Ram |
| 26:29 | Create | Battering Ram |
| 26:32 | Build | Siege Workshop |
| 26:39 | Build | Barracks |
| 26:48 | Build | Farm |
| 26:52 | Build | Farm |
| 27:06 | Build | Town Center |
| 27:13 | Build | Outpost |
| 27:15 | Build | Outpost |
| 27:17 | Research | Town Watch |
| 27:26 | Research | Wheelbarrow |
| 27:30 | Build | Farm |
| 27:31 | Build | Farm |
| 27:31 | Build | Farm |
| 27:32 | Build | Farm |
| 27:40 | Create | Villager (Male) |
| 27:42 | Build | Farm |
| 28:09 | Build | Farm |
| 28:15 | Create | Villager (Male) |
| 28:16 | Create | Villager (Male) ×3 |
| 28:22 | Build | Farm |
| 28:23 | Build | Farm |
| 28:25 | Build | Farm |
| 28:26 | Build | Farm |
| 28:39 | Research | Heavy Plow |
| 28:52 | Build | Farm |
| 28:55 | Build | Farm |
| 29:02 | Create | Villager (Male) |
| 29:04 | Build | House |
| 29:05 | Build | House |
| 29:12 | Build | Outpost |
| 29:15 | Create | Villager (Male) ×3 |
| 29:22 | Build | Farm |
| 29:24 | Build | Farm |
| 29:30 | Create | Villager (Male) ×2 |
| 29:50 | Create | Villager (Male) |
| 29:54 | Research | Bow Saw |
| 30:24 | Create | Villager (Male) ×5 |
| 30:32 | Build | Mill |
| 30:33 | Build | Farm |
| 30:33 | Build | Farm |
| 30:33 | Build | Farm |
| 30:34 | Build | Farm |
| 30:34 | Build | Farm |
| 30:36 | Research | Bow Saw |
| 30:41 | Research | Stone Mining |
| 30:54 | Build | Mining Camp |
| 31:02 | Create | Villager (Male) ×5 |
| 31:14 | Build | Archery Range |
Build order — leonedu
First 150 of 200 actions detected
| 0:03 | Create | Villager (Male) |
| 0:03 | Create | Villager (Male) |
| 0:04 | Create | Villager (Male) |
| 0:04 | Create | Villager (Male) |
| 0:06 | Build | House |
| 0:09 | Build | House |
| 1:33 | Create | Villager (Male) |
| 2:11 | Create | Villager (Male) |
| 2:11 | Create | Villager (Male) |
| 2:32 | Create | Villager (Male) |
| 2:32 | Create | Villager (Male) |
| 2:33 | Create | Villager (Male) |
| 2:51 | Build | Lumber Camp |
| 3:19 | Create | Villager (Male) |
| 3:19 | Create | Villager (Male) |
| 3:34 | Create | Villager (Male) |
| 3:34 | Create | Villager (Male) |
| 4:22 | Create | Villager (Male) |
| 4:47 | Research | Loom |
| 4:53 | Build | House |
| 5:06 | Create | Villager (Male) |
| 5:18 | Create | Villager (Male) |
| 5:35 | Build | Mill |
| 5:46 | Create | Villager (Male) |
| 6:26 | Create | Villager (Male) |
| 6:30 | Create | Villager (Male) |
| 6:34 | Build | Mill |
| 6:52 | Build | House |
| 7:03 | Build | House |
| 7:21 | Research | Feudal Age |
| 8:14 | Build | Mining Camp |
| 9:31 | Age | Feudal Age |
| 9:36 | Create | Villager (Male) |
| 9:36 | Create | Villager (Male) |
| 10:10 | Build | Market |
| 10:24 | Create | Villager (Male) |
| 11:04 | Build | Blacksmith |
| 11:37 | Build | House |
| 11:39 | Build | House |
| 12:33 | Research | Double-Bit Axe |
| 12:37 | Research | Gold Mining |
| 12:53 | Research | Castle Age |
| 12:53 | Research | Castle Age |
| 13:28 | Build | Mining Camp |
| 13:53 | Research | Stone Mining |
| 14:30 | Research | Horse Collar |
| 15:23 | Create | Villager (Male) |
| 15:23 | Create | Villager (Male) |
| 15:33 | Age | Castle Age |
| 16:12 | Build | Farm |
| 16:12 | Build | Farm |
| 16:13 | Build | Farm |
| 16:13 | Build | Farm |
| 16:13 | Build | Farm |
| 16:14 | Build | Farm |
| 16:15 | Build | Farm |
| 16:33 | Build | Siege Workshop |
| 16:38 | Create | Villager (Male) |
| 16:38 | Create | Villager (Male) |
| 17:09 | Create | Mangonel |
| 17:33 | Create | Scorpion |
| 17:56 | Build | Castle |
| 18:11 | Build | University |
| 18:36 | Create | Villager (Male) |
| 19:28 | Create | Mangonel |
| 19:36 | Build | Stone Wall |
| 19:45 | Build | Stone Wall |
| 20:08 | Build | Stone Wall |
| 20:35 | Create | Scorpion |
| 20:47 | Build | Outpost |
| 21:10 | Build | Farm |
| 21:10 | Build | Farm |
| 21:10 | Build | Farm |
| 21:11 | Build | Farm |
| 21:11 | Build | Farm |
| 21:11 | Build | Farm |
| 21:11 | Build | Farm |
| 21:12 | Build | Farm |
| 22:02 | Build | Stone Wall |
| 22:25 | Build | Stone Wall |
| 22:38 | Build | Stone Wall |
| 22:55 | Build | Stone Wall |
| 22:58 | Build | Stone Wall |
| 23:02 | Build | Stone Wall |
| 23:05 | Build | Stone Wall |
| 23:30 | Create | Villager (Male) |
| 23:31 | Create | Villager (Male) |
| 23:31 | Create | Villager (Male) |
| 23:41 | Build | Monastery |
| 23:47 | Research | Fortified Wall (upgrade) |
| 23:50 | Research | Ballistics |
| 23:58 | Build | Farm |
| 23:58 | Build | Farm |
| 23:58 | Build | Farm |
| 23:58 | Build | Farm |
| 23:59 | Build | Farm |
| 23:59 | Build | Farm |
| 24:03 | Create | Villager (Male) |
| 24:11 | Build | Outpost |
| 24:31 | Create | Monk |
| 24:33 | Research | Fervor |
| 26:32 | Create | Mangonel |
| 26:33 | Create | Villager (Male) |
| 26:34 | Create | Villager (Male) |
| 26:34 | Create | Villager (Male) |
| 26:47 | Build | Town Center |
| 26:51 | Build | Town Center |
| 27:06 | Build | Farm |
| 27:06 | Build | Farm |
| 27:06 | Build | Farm |
| 27:06 | Build | Farm |
| 27:07 | Build | Farm |
| 27:07 | Build | Farm |
| 27:07 | Build | Farm |
| 27:08 | Build | Farm |
| 27:42 | Build | Farm |
| 28:05 | Research | Town Watch |
| 28:06 | Create | Villager (Male) ×5 |
| 28:11 | Build | Farm |
| 28:42 | Research | Fletching |
| 28:51 | Create | Villager (Male) |
| 28:52 | Create | Villager (Male) |
| 28:57 | Build | Farm |
| 28:57 | Build | Farm |
| 28:57 | Build | Farm |
| 28:58 | Build | Farm |
| 28:58 | Build | Farm |
| 28:58 | Build | Farm |
| 29:01 | Build | Farm |
| 29:02 | Build | Farm |
| 29:02 | Build | Farm |
| 29:06 | Create | Villager (Male) ×2 |
| 29:38 | Research | Masonry |
| 30:00 | Build | Stone Wall |
| 30:12 | Create | Mangonel |
| 30:17 | Create | Villager (Male) |
| 30:17 | Create | Villager (Male) |
| 30:18 | Create | Villager (Male) |
| 30:23 | Build | Farm |
| 30:23 | Build | Farm |
| 30:23 | Build | Farm |
| 30:23 | Build | Farm |
| 30:24 | Build | Farm |
| 30:24 | Build | Farm |
| 30:24 | Build | Farm |
| 30:25 | Build | Farm |
| 30:30 | Create | Villager (Male) ×2 |
| 30:30 | Create | Villager (Male) ×2 |
| 30:37 | Build | Mining Camp |
| 30:47 | Build | Mining Camp |
Match timeline
| 7:04 | 专业下包小能手 · first_building Barracks |
| 8:56 | alexpage23 · age_up feudal |
| 9:05 | alexpage23 · wall_segment Palisade Wall x1 |
| 9:07 | alexpage23 · wall_segment Palisade Wall x1 |
| 9:11 | alexpage23 · wall_segment Palisade Wall x1 |
| 9:20 | 专业下包小能手 · age_up feudal |
| 9:31 | leonedu · age_up feudal |
| 9:41 | alexpage23 · first_building Siege Workshop |
| 9:48 | baha · age_up feudal |
| 12:12 | MA · age_up feudal |
| 12:26 | INandOutBandit · age_up feudal |
| 12:26 | Tank · first_building Donjon |
| 12:57 | Tank · age_up feudal |
| 15:15 | baha · age_up castle |
| 15:33 | leonedu · age_up castle |
| 15:57 | MA · first_building Barracks |
| 16:12 | Tank · resign |
| 16:21 | INandOutBandit · age_up castle |
| 16:32 | DNANNA6781 · first_building Castle |
| 16:33 | leonedu · first_building Siege Workshop |
| 17:47 | leonedu · first_market_buy 100 stone |
| 17:56 | leonedu · first_building Castle |
| 18:02 | baha · first_market_sell 100 wood |
| 18:04 | baha · first_market_buy 100 stone |
| 19:36 | leonedu · wall_segment Stone Wall x1 |
| 19:45 | leonedu · wall_segment Stone Wall x1 |
| 20:08 | leonedu · wall_segment Stone Wall x1 |
| 20:13 | MA · age_up castle |
| 20:31 | baha · first_building Barracks |
| 20:45 | DNANNA6781 · first_building Monastery |
| 21:35 | baha · first_building Archery Range |
| 21:45 | leonedu · first_market_sell 100 wood |
| 21:53 | MA · first_building Monastery |
| 22:02 | leonedu · wall_segment Stone Wall x1 |
| 22:10 | 专业下包小能手 · first_building Stable |
| 22:25 | leonedu · wall_segment Stone Wall x1 |
| 22:29 | 专业下包小能手 · age_up castle |
| 22:38 | leonedu · wall_segment Stone Wall x1 |
| 22:55 | leonedu · wall_segment Stone Wall x1 |
| 22:58 | leonedu · wall_segment Stone Wall x1 |
| 23:02 | leonedu · wall_segment Stone Wall x1 |
| 23:05 | leonedu · wall_segment Stone Wall x1 |
| 23:41 | leonedu · first_building Monastery |
| 24:17 | MA · first_building Stable |
| 25:03 | alexpage23 · age_up castle |
| 25:30 | baha · first_building Siege Workshop |
| 25:56 | 专业下包小能手 · first_building Castle |
| 26:03 | INandOutBandit · first_building Monastery |
| 26:15 | alexpage23 · first_market_buy 100 stone |
| 26:28 | INandOutBandit · first_building Barracks |
| 26:39 | alexpage23 · first_building Barracks |
| 26:44 | baha · first_building Monastery |
| 26:45 | INandOutBandit · first_market_sell 500 food |
| 27:39 | baha · first_building Stable |
| 27:58 | INandOutBandit · first_building Castle |
| 28:34 | baha · first_building Castle |
| 28:39 | MA · first_building Castle |
| 28:57 | INandOutBandit · first_building Siege Workshop |
| 29:09 | 专业下包小能手 · first_building Archery Range |
| 30:00 | leonedu · wall_segment Stone Wall x2 |
| 30:12 | baha · age_up imperial |
| 30:53 | INandOutBandit · age_up imperial |
| 31:01 | leonedu · wall_segment Stone Wall x1 |
| 31:06 | leonedu · wall_segment Stone Wall x1 |
| 31:08 | leonedu · wall_segment Stone Wall x1 |
| 31:14 | alexpage23 · first_building Archery Range |
| 31:48 | leonedu · wall_segment Stone Wall x7 |
| 31:50 | MA · first_market_sell 100 wood |
| 31:52 | leonedu · wall_segment Stone Wall x4 |
| 31:55 | DNANNA6781 · first_building Barracks |
| 31:55 | alexpage23 · wall_segment Palisade Wall x1 |
| 31:57 | alexpage23 · wall_segment Palisade Wall x1 |
| 31:59 | alexpage23 · wall_segment Palisade Wall x1 |
| 32:46 | DNANNA6781 · first_building Siege Workshop |
| 32:54 | DNANNA6781 · first_building Archery Range |
| 34:05 | MA · age_up imperial |
| 34:06 | alexpage23 · first_market_sell 100 wood |
| 35:20 | 专业下包小能手 · wall_segment Stone Wall x1 |
| 36:17 | leonedu · wall_segment Stone Wall x11 |
| 36:21 | leonedu · wall_segment Stone Wall x14 |
[ AI ANALYSIS · 1 CREDIT ]
What really happened in this match?
Wolo.gg analyzes every decision: build order, eco, micro, common mistakes by bracket. Personalized analysis on WhatsApp or Discord in 30 seconds.
Civ guide
Celts
Map guide
Arena
Perfil
Jugador #3929113